 Dungeon Crawl Stone Soup version 0.28-a0-1560-g060a6a1bfc (webtiles) character file.

Game seed: 2803583059202226768

209 BritishOli the Ducker (level 5, 41/41 HPs)
             Began as a Demonspawn Gladiator on Jan 19, 2022.
             Got out of the dungeon alive.
             The game lasted 00:02:55 (3228 turns).

BritishOli the Ducker (Demonspawn Gladiator)        Turns: 3228, Time: 00:02:56

Health: 41/41      AC:  6    Str: 16    XL:     5   Next: 55%
Magic:  5/5        EV: 13    Int: 10    God:
Gold:   145        SH:  0    Dex: 14    Spells: 4/4 levels left

rFire   . . .      SeeInvis .   a - +0 long sword
rCold   . . .      Faith    .   (no shield)
rNeg    . . .      Spirit   .   b - +0 leather armour
rPois   .          Reflect  .   c - +0 helmet
rElec   .          Harm     .   (no cloak)
rCorr   .          Rampage  .   (no gloves)
Will    .....                   (no boots)
Stlth   +.........              (no amulet)
HPRegen 0.13/turn               (no ring)
MPRegen 0.18/turn               (no ring)

@: no status effects
A: yellow scales 1, magic regeneration, weakness stinger 1
a: no special abilities


You escaped.
You visited 1 branch of the dungeon, and saw 3 of its levels.

You collected 145 gold pieces.

Inventory:

Hand Weapons
 a - a +0 long sword (weapon)
Missiles
 d - 2 throwing nets (quivered)
Armour
 b - a +0 leather armour (worn)
 c - a +0 helmet (worn)
Wands
 o - a wand of iceblast (8)
 p - a wand of paralysis (10)
Scrolls
 e - a scroll of magic mapping {unknown}
 f - a scroll of identify {unknown}
 g - 2 scrolls of torment {unknown}
 k - a scroll of fog {unknown}
 l - a scroll of brand weapon {unknown}
 q - a scroll of summoning {unknown}
 r - 3 scrolls of noise {unknown}
Potions
 h - 2 potions of ambrosia {unknown}
 i - 2 potions of heal wounds {unknown}
 j - a potion of flight {unknown}
 m - a potion of attraction {unknown}
 n - a potion of curing {unknown}


   Skills:
 + Level 3.3 Fighting
 + Level 3.6 Long Blades
 - Level 2.0 Throwing
 + Level 2.0 Armour
 + Level 3.7 Dodging


You had 4 spell levels left.
You didn't know any spells.
Your spell library contained the following spells:

 Spells                   Type           Power      Damage    Failure   Level
 Animate Armour           Summ/Erth      0%         N/A       99%         4
 Blade Hands              Tmut           0%         N/A       100%        5
 Iron Shot                Conj/Erth      0%         9d1       100%        6


Dungeon Overview and Level Annotations

Branches:
Dungeon (3/15)

Altars:
Yredelemnul

Shops:
D:3 *


Innate Abilities, Weirdness & Mutations

You are partially covered in yellow scales. (AC +2)
You regenerate magic rapidly.
You have a small tail.


Message History

You kill the adder!
A dart slug is nearby!
The dart slug bites you but does no damage.
A dart slug is nearby!
A dart slug is nearby!
You slash the dart slug! You tail-slap the dart slug.
You kill the dart slug!
r - 3 scrolls labelled WOMEATR KIVVISMERCH No target in view!
Found a chain mail.
No target in view!
Done exploring.
No target in view!
Done exploring.
Done exploring.
No target in view!
Done exploring.
No target in view!
Done exploring.
No target in view!
Done exploring.
(D) Dungeon
Where to? (Enter - D:3, ? - help)
There is an open door here.
There is a stone staircase leading up here.
You climb upwards.
There is a stone staircase leading down here.
(D) Dungeon
Where to? (Enter - D:2, ? - help)
You open the door.
There is an open door here.
There is a stone staircase leading up here.
You climb upwards.
There is a stone staircase leading down here.
(D) Dungeon
Where to? (Enter - D:1, ? - help)
Okay, then.
There is a staircase leading out of the dungeon here.
Are you sure you want to leave the Dungeon?
This will make you lose the game!
You have escaped!

..# ##.............#############
..####...###...###....>(.....>)..
.........#>......#...############
..###....#.......#...# # ..#
###.............## # ..#
#......#......# # ..#
###......[......## ### ..#
#....#.......#...# ##..
..###....#......@#...# ###..#
.........###...###...# #...##
....###.............## #.....
.##.# #.............# #..##.
.#..#####...###...##########...#.
...........#.#.#.##..............
##.######.###...###.####.####....
#......#.####.## #.# #.# #####
##..#..........## #.# #.#


There were no monsters in sight!

Vanquished Creatures
  An ice beast (D:3)
  Ijyb (D:3)
  2 adders (D:3)
  A worm (D:2)
  2 dart slugs
  An orc (D:3)
  4 endoplasms
  8 giant cockroaches
  5 goblins
  5 hobgoblins
  8 jackals
  A quokka (D:1)
  5 ball pythons
  5 bats
  2 frilled lizards
  4 kobolds
  7 rats
62 creatures vanquished.

Vanquished Creatures (others)
  2 plants (D:3)
2 creatures vanquished.

Grand Total: 64 creatures vanquished

Notes
Turn   | Place    | Note
-------+----------+-------------------------------------------
     0 | D:1      | BritishOli the Demonspawn Gladiator began the quest for the
                  | Orb.
     0 | D:1      | Reached XP level 1. HP: 16/16 MP: 1/1
   211 | D:1      | Gained mutation: You are partially covered in yellow
                  | scales. (AC +2) [demonic ancestry]
   211 | D:1      | Reached XP level 2. HP: 22/22 MP: 2/2
   418 | D:1      | Found a faded altar of an unknown god.
   476 | D:1      | Reached XP level 3. HP: 16/28 MP: 3/3
  1074 | D:2      | Reached skill level 1 in Armour
  1400 | D:2      | Found a basalt altar of Yredelemnul.
  2197 | D:3      | Gained mutation: You have a small tail. [demonic ancestry]
  2197 | D:3      | Reached XP level 4. HP: 30/34 MP: 4/4
  2364 | D:3      | Found Cuol's Assorted Antiques.
  2410 | D:3      | Noticed an ice beast
  2428 | D:3      | Killed an ice beast
  2429 | D:3      | Gained mutation: You regenerate magic rapidly. [demonic
                  | ancestry]
  2429 | D:3      | Reached XP level 5. HP: 16/41 MP: 5/5
  2628 | D:3      | Noticed Ijyb
  2644 | D:3      | Killed Ijyb
  3228 | D:$      | Got out of the dungeon alive.

Illustrated notes

Levels and vault maps discovered:
D:1:      minmay_arrival_open_corners, layout_loops_ring,
          ebering_ecumenical_altar_petrified, corexii_hall_statues_t,
          minmay_tromino_v4_a
D:2:      layout_loops_corners, basic_altar, patterned_corridor
D:3:      cheibrodos_old_hovel, layout_loops_corners, serial_shops, shop_statue,
          uniq_ijyb

Skill      XL: |  1  2  3  4  5 |
---------------+----------------+-----
Throwing       | 2 |  2.0
Dodging        | 3 |  3.7
Long Blades    | 3 |  3.6
Armour         | 1 2 |  2.0
Fighting       | 3 |  3.3

Action                   |  1- 3 |  4- 6 || total
-------------------------+-------+-------++-------
Melee: Long sword        |   147 |    51 ||   198
       Punch             |     1 |     1 ||     2
       Tailslap          |       |     4 ||     4
Throw: Throwing net      |       |     1 ||     1
 Stab: Sleeping          |     2 |     1 ||     3
       Held in net/web   |       |     1 ||     1
Armor: Leather armour    |    59 |    25 ||    84
Dodge: Dodged            |   106 |    38 ||   144

Table legend: (Time is in decaauts)
 A = Elapsed time spent in this place.
 B = Non-inter-level travel time spent in this place.
 C = Inter-level travel time spent in this place.
 D = Time resting spent in this place.
 E = Time spent auto-exploring this place.
 F = Levels seen in this place.
 G = Mean time per level.
                   A        B        C        D        E       F      G
               +--------+--------+--------+--------+--------+-----+--------+
         Total |   3277 |   3131 |    146 |    191 |   2493 |   3 | 1092.3 |
       Dungeon |   3277 |   3131 |    146 |    191 |   2493 |   3 | 1092.3 |
               +--------+--------+--------+--------+--------+-----+--------+

Top non-repeatable levels by time:
     D:3: 1181 daAuts
     D:1: 1096 daAuts
     D:2: 999 daAuts
